 Dungeon Crawl Stone Soup version 0.26.1-2-gb8aa6d0cf2 (webtiles) character file.

Game seed: 14545234184356022127

49 pascalblue the Digger (level 3, -5/19 HPs)
             Began as a Deep Elf Earth Elementalist on Mar 24, 2021.
             Slain by an iguana (12 damage)
             ... on level 2 of the Dungeon.
             The game lasted 00:06:26 (1605 turns).

pascalblue the Digger (Deep Elf Earth Elementalist) Turns: 1605, Time: 00:06:28

Health: -5/19      AC:  3    Str:  5    XL:     3   Next: 53%
Magic:  8/10       EV: 13    Int: 20    God:
Gold:   90         SH:  0    Dex: 15    Spells: 8/9 levels left

rFire    . . .     SeeInvis .   p - +5 trident
rCold    . . .     Faith    .   (no shield)
rNeg     . . .     Spirit   .   c - +1 robe
rPois    .         Reflect  .   (no helmet)
rElec    .         Harm     .   (no cloak)
rCorr    .         Rampage  .   (no gloves)
Will     +....                  (no boots)
Stlth    ++........             (no amulet)
HPRegen  0.06/turn              o - ring of willpower
MPRegen  0.12/turn              (no ring)

@: no status effects
A: no striking features
a: no special abilities


You were on level 2 of the Dungeon.
You visited 1 branch of the dungeon, and saw 2 of its levels.

You collected 90 gold pieces.

Inventory:

Hand Weapons
 a - a +0 club
 i - a +0 dagger
 p - a +5 trident (weapon)
Missiles
 b - 31 stones
Armour
 c - a +1 robe (worn)
Jewellery
 o - a ring of willpower (left hand)
Scrolls
 k - a scroll of remove curse
Potions
 d - a potion of berserk rage
 e - a potion of invisibility {unknown}
 h - a potion of mutation {unknown}
 j - 2 potions of curing {unknown}
 m - a potion of lignification {unknown}


   Skills:
 - Level 3.0 Dodging
 - Level 3.0 Stealth
 + Level 3.6 Spellcasting
 - Level 1.1 Transmutations
 * Level 4.2 Earth Magic


You had 8 spell levels left.
You knew the following spells:

 Your Spells              Type           Power        Failure   Level
a - Sandblast             Erth           40%          2%          1

Your spell library contained the following spells:

 Spells                   Type           Power        Failure   Level
 Passwall                 Tmut/Erth      11%          7%          2
 Stone Arrow              Conj/Erth      24%          17%         3
 Petrify                  Tmut/Erth      14%          41%         4
 Lee's Rapid Deconstruct  Erth           10%          54%         5


Dungeon Overview and Level Annotations

Branches:
Dungeon (2/15)

Altars:
Nemelex Xobeh


Message History

The bat closely misses you. The hobgoblin barely misses you.
The bat hits you but does no damage. The bat barely misses you.
Casting: Sandblast (safe; 2% risk of failure)
Confirm with . or Enter, or press ? or * to list all spells.
Aiming: Sandblast (safe; 2% risk of failure)
Press: ? - help, Shift-Dir - straight line, f - iguana
Aim: an iguana (lightly wounded, 17% to evade)
The blast of sand hits the iguana.
The iguana is moderately wounded.
The bat closely misses you. The iguana bites you.
Casting: Sandblast (safe; 2% risk of failure)
Confirm with . or Enter, or press ? or * to list all spells.
Aiming: Sandblast (safe; 2% risk of failure)
Press: ? - help, Shift-Dir - straight line, f/p - iguana
Aim: an iguana (moderately wounded, 17% to evade)
The blast of sand hits the iguana but does no damage.
The iguana is moderately wounded.
The hobgoblin completely misses you. The iguana bites you!
Ouch! That really hurt!
You die...

#########
##################.. # ..
#.........##... #.#.
#.........##... .#.#.######
#.........##... ..........#
#.........##... .?........#
#..........#...
..........#########....#...
....[..(.g#....####....###.
........bl@................
##.########....####....###.
....<...# #....# #.
######### #....# #. #....#
#. #..(.# #. ###### ##


You could see an iguana, a hobgoblin and a bat.

Vanquished Creatures
  An ooze (D:1)
  2 leopard geckos (D:1)
  6 bats
  A giant cockroach (D:2)
  4 hobgoblins (D:1)
  4 jackals (D:2)
  A quokka (D:2)
  13 frilled lizards (D:1)
  3 goblins (D:1)
  3 kobolds (D:1)
  6 rats
44 creatures vanquished.

Vanquished Creatures (others)
  6 plants (D:1)
6 creatures vanquished.

Grand Total: 50 creatures vanquished

Notes
Turn   | Place    | Note
-------+----------+-------------------------------------------
     0 | D:1      | pascalblue the Deep Elf Earth Elementalist began the quest
                  | for the Orb.
     0 | D:1      | Reached XP level 1. HP: 10/10 MP: 6/6
    86 | D:1      | Reached XP level 2. HP: 15/15 MP: 2/8
   718 | D:1      | Reached XP level 3. HP: 13/19 MP: 5/9
   935 | D:1      | Reached skill level 4 in Earth Magic
  1291 | D:2      | Found a sparkling altar of Nemelex Xobeh.
  1605 | D:2      | Slain by an iguana

Illustrated notes

Levels and vault maps discovered:
D:1:      dpeg_arrival_simpleton_c, layout_basic, minmay_lizard_king
D:2:      layout_basic, nemelex_xobeh_ov_fountains_minmay, minivault_26

Skill      XL: |  1  2  3 |
---------------+----------+-----
Stealth        | 3 |  3.0
Earth Magic    | 4 |  4.2
Dodging        | 3 |  3.0
Spellcasting   | |  3.6
Transmutations | |  1.1

Action                   || total
-------------------------++-------
Melee: Unarmed           ||     3
       Dagger            ||    19
       Club              ||     6
       Trident           ||     1
 Cast: Sandblast         ||    44
  Use: Scroll            ||     6
 Stab: Sleeping          ||     6
Armor: Robe              ||     9
Dodge: Dodged            ||    40
